 Dungeon Crawl Stone Soup version 0.30-a0-347-gf58ed5266c (webtiles) character file.

Game seed: 10692342620813527712

169461 HoaS the Crack Shot (level 18, -2/128 HPs)
             Began as a Kobold Hunter on Nov 6, 2022.
             Was the Champion of Okawaru.
             Slain by an emperor scorpion (27 damage)
             ... on level 3 of the Spider Nest.
             The game lasted 00:55:34 (25810 turns).

HoaS the Crack Shot (Kobold Hunter)                Turns: 25810, Time: 00:55:34

Health: -2/128     AC: 23    Str:  8    XL:     18   Next: 60%
Magic:  18/25      EV: 42    Int: 14    God:    Okawaru [******]
Gold:   2500       SH:  0    Dex: 27    Spells: 17/17 levels left

rFire   . . .      SeeInvis .    K - +1 triple crossbow of Pylim {speed, rElec}
rCold   + . .      Faith    .    (shield currently unavailable)
rNeg    . . .      Spirit   .    s - +0 steam dragon scales
rPois   .          Reflect  .    i - +1 helmet
rElec   +          Harm     .    g - +1 cloak
rCorr   .          Rampage  .    e - +1 pair of gloves
Will    +....                    F - +1 pair of boots "Zulef" {rC+ Int+2 Dex+2}
Stlth   +++++.....               D - amulet of regeneration
HPRegen 1.21/turn                v - +4 ring of protection
MPRegen 0.19/turn                p - +4 ring of protection

@: lethally poisoned (-2 -> -3), heroic, finesse-ful
A: small, no large weapons, nightstalker 3
a: Renounce Religion, Heroism, Finesse, Duel


You were on level 3 of the Spider Nest.
You worshipped Okawaru.
Okawaru was exalted by your worship.
You visited 5 branches of the dungeon, and saw 26 of its levels.
You also visited: Bailey.

You collected 2660 gold pieces.
You spent 160 gold pieces at shops.

Inventory:

Hand Weapons
 K - the +1 triple crossbow of Pylim (weapon) {speed, rElec}
   (Okawaru gifted it to you on level 1 of the Spider Nest)

   Attacks with this weapon are significantly faster.
   rElec:     It insulates you from electricity.
Armour
 a - a scarf of resistance
 e - a +1 pair of gloves (worn)
 g - a +1 cloak (worn)
 i - a +1 helmet (worn)
 s - +0 steam dragon scales (worn)
 F - the +1 pair of boots "Zulef" (worn) {rC+ Int+2 Dex+2}
   (Okawaru gifted it to you on level 13 of the Dungeon)

   Int:       It affects your intelligence (+2).
   Dex:       It affects your dexterity (+2).
   rC:        It protects you from cold.
Jewellery
 p - a +4 ring of protection (right hand)
 q - a ring of flight
 r - a ring of fire
 v - a +4 ring of protection (left hand)
 w - a ring of willpower
 D - an amulet of regeneration (around neck)
 G - a ring of positive energy
Wands
 f - a wand of acid (12)
 j - a wand of iceblast (39)
 y - a wand of polymorph (10)
 A - a wand of flame (26)
 C - a wand of mindburst (19)
Scrolls
 b - 6 scrolls of immolation
 d - 5 scrolls of teleportation
 l - a scroll of fear
 o - 4 scrolls of fog
 u - 5 scrolls of magic mapping
 x - 3 scrolls of silence
 L - 3 scrolls of enchant weapon
Potions
 c - 2 potions of resistance
 h - 8 potions of lignification
 k - 13 potions of curing
 m - 5 potions of might
 n - 6 potions of mutation
 t - 3 potions of attraction
 z - a potion of cancellation
 B - 3 potions of invisibility
 E - 3 potions of haste
 H - a potion of ambrosia
 I - 3 potions of heal wounds
 J - a potion of flight


   Skills:
 + Level 19.5(24.5) Fighting
 - Level 26.0(27) Ranged Weapons
 + Level 19.3(24.3) Dodging
 - Level 1.3(6.3) Stealth
 - Level 9.5 Invocations


You had 17 spell levels left.
You didn't know any spells.
Your spell library contained the following spells:

 Spells                   Type           Power      Damage    Failure   Level
 Beastly Appendage        Tmut           0%         N/A       28%         1
 Foxfire                  Conj/Fire      0%         2x1d4     28%         1
 Freeze                   Ice            0%         1d3       28%         1
 Kiss of Death            Conj/Necr      0%         2d5       28%         1
 Magic Dart               Conj           0%         1d3       28%         1
 Sandblast                Erth           0%         2d4       28%         1
 Shock                    Conj/Air       0%         1d3       28%         1
 Sting                    Tmut/Pois      0%         1d3       28%         1
 Ensorcelled Hibernation  Hex/Ice        0%         N/A       41%         2
 Passwall                 Tmut/Erth      0%         N/A       41%         2
 Poisonous Vapours        Pois/Air       0%         N/A       41%         2
 Scorch                   Fire           0%         2d5       41%         2
 Wereblood                Tmut           0%         N/A       41%         2
 Confusing Touch          Hex            0%         N/A       65%         3
 Dazzling Flash           Conj/Hex       0%         N/A       65%         3
 Gell's Gravitas          Tloc           0%         N/A       65%         3
 Ignite Poison            Fire/Tmut/Pois 0%         N/A       65%         3
 Inner Flame              Hex/Fire       0%         N/A       65%         3
 Mephitic Cloud           Conj/Pois/Air  0%         N/A       65%         3
 Spider Form              Tmut/Pois      0%         N/A       65%         3
 Stone Arrow              Conj/Erth      0%         3d7       65%         3
 Teleport Other           Tloc           0%         N/A       65%         3
 Vhi's Electric Charge    Tloc/Air       0%         N/A       65%         3
 Airstrike                Air            0%         2d(0-16)  96%         4
 Anguish                  Hex/Necr       0%         N/A       96%         4
 Dispel Undead            Necr           0%         3d6       96%         4
 Flame Wave               Conj/Fire      0%         2d4       96%         4
 Olgreb's Toxic Radiance  Pois           0%         N/A       96%         4
 Passage of Golubria      Tloc           0%         N/A       96%         4
 Petrify                  Tmut/Erth      0%         N/A       96%         4
 Sticky Flame             Conj/Fire      0%         2d3       96%         4
 Agony                    Necr           0%         N/A       100%        5
 Arcjolt                  Conj/Air       0%         1d10      100%        5
 Fireball                 Conj/Fire      0%         3d3       100%        5
 Iskenderun's Battlesphe  Conj           0%         2d6       100%        5
 Lightning Bolt           Conj/Air       0%         1d11      100%        5
 Metabolic Englaciation   Hex/Ice        0%         N/A       100%        5
 Silence                  Hex/Air        0%         N/A       100%        5
 Yara's Violent Unravell  Hex/Tmut       0%         3d3       100%        5
 Conjure Ball Lightning   Conj/Air       0%         3x3d6     100%        6
 Dispersal                Tloc           0%         N/A       100%        6
 Iron Shot                Conj/Erth      0%         9d1       100%        6
 Statue Form              Tmut/Erth      0%         N/A       100%        6
 Dragon Form              Tmut           0%         N/A       100%        7
 Enfeeble                 Hex            0%         N/A       100%        7
 Orb of Destruction       Conj           0%         9d5       100%        7
 Ignition                 Fire           0%         3d3       100%        8
 Lehudib's Crystal Spear  Conj/Erth      0%         10d2      100%        8
 Maxwell's Capacitive Co  Air            0%         ∞         100%        8
 Chain Lightning          Conj/Air       0%         N/A       100%        9
 Fire Storm               Conj/Fire      0%         5d1       100%        9
 Shatter                  Erth           0%         3d5*      100%        9
 Call Imp                 Summ           Unusable   N/A       N/A         2
 Summon Lightning Spire   Summ/Air       Unusable   N/A       N/A         4
 Summon Cactus Giant      Summ           Unusable   N/A       N/A         6
 Spellforged Servitor     Conj/Summ      Unusable   N/A       N/A         7

Dungeon Overview and Level Annotations

Branches:
Dungeon (15/15)            Temple (1/1) D:7            Lair (5/5) D:10
  Swamp (0/4) Lair:2       Spider (3/4) Lair:2        Slime (0/5) Lair:4
    Orc (2/2) D:9             Elf (0/3) Orc:2        Vaults (0/5) D:13
 Depths (0/4) D:15         Bailey (visited)

Altars:
Ashenzari
Cheibriados
Dithmenos
Elyvilon
Fedhas
Gozag
Hepliaklqana
Kikubaaqudgha
Makhleb
Nemelex Xobeh
Okawaru
Qazlal
Ru
Sif Muna
Trog
Uskayaw
Vehumet
Wu Jian
Xom
Yredelemnul
Zin
The Shining One

Shops:
D:14 !*   Orc:2 !:[*[*!(*

Portals:
Hell: Lair:5


Innate Abilities, Weirdness & Mutations

You are small and have problems with some larger weapons.
You are completely attuned to the shadows.


Message History

The emperor scorpion misses you. The redback completely misses you.
The jumping spider leaps!
You gain the combat prowess of a mighty hero.
You feel very sick. The redback completely misses you.
The emperor scorpion barely misses you.
The emperor scorpion completely misses you. x2
The jumping spider pounces on you but does no damage.
The jumping spider misses you.
The emperor scorpion closely misses you.
The emperor scorpion misses you.
The emperor scorpion completely misses you.
You can now deal lightning-fast blows.
You feel very sick.
The jumping spider completely misses you.
The jumping spider misses you. The emperor scorpion barely misses you.
The emperor scorpion closely misses you.
The emperor scorpion completely misses you.
The jumping spider pounces on you!
* * * LOW HITPOINT WARNING * * *
The jumping spider completely misses you.
The redback completely misses you.
The emperor scorpion closely misses you. x2
The emperor scorpion completely misses you.
You feel much better.
You feel sick. The emperor scorpion stings you!!
* * * LOW HITPOINT WARNING * * *
The emperor scorpion completely misses you.
The emperor scorpion claws you.
* * * LOW HITPOINT WARNING * * *
The jumping spider completely misses you. x2
The redback bites you but does no damage.
You feel much better.
You feel sick.
The emperor scorpion completely misses you.
The emperor scorpion claws you.
* * * LOW HITPOINT WARNING * * *
The emperor scorpion completely misses you.
The jumping spider completely misses you.
The jumping spider bites you.
* * * LOW HITPOINT WARNING * * *
The redback completely misses you. The emperor scorpion stings you!!
You die...

......####...
#.........#. .
#........## ..####
##..###.##.
.....## ##...#
####^ #....##
#...## ## ##.s.s#
####...# #
.....s####...#^.#
°.....#@..#.....##
#.#.#sss^...#..[.#
##.##.##^####.##
#.# ###### ### ^


You could see an emperor scorpion (berserk), an orb spider, a jumping spider and
3 redbacks.

Vanquished Creatures
  Nikola (Spider:2)
  Arachne (Spider:2)
  Kirke (Spider:2)
  Roxanne (Spider:1)
  2 emperor scorpions
  A frost giant (D:15)
  2 ghost moths (Spider:2)
  A broodmother (Lair:2)
  3 spark wasps
  An ettin (Orc:1)
  A rakshasa (D:13)
  2 entropy weavers
  5 vault guards (D:13)
  5 hydras
  2 ogre magi
  A yaktaur captain (D:12)
  3 radroaches
  A death knight (D:15)
  4 centaur warriors
  9 boulder beetles
  8 two-headed ogres
  8 death yaks
  4 tengu warriors
  An orc high priest (Orc:2)
  Sonja (Lair:4)
  Urug (Lair:5)
  A deep elf knight (D:13)
  A fire crab (Lair:5)
  5 pharaoh ants
  A sun demon (Lair:5)
  8 skeletal warriors
  2 sun moths (Spider:1)
  3 orb spiders
  The ghost of GrimJard the Destroyer, a novice DrCj of Sif Muna (D:8)
  2 steelbarb worms (Spider:2)
  11 deep elf pyromancers
  4 orc knights
  10 wolf spiders
  2 wizards
  4 deep elf zephyrmancers (Orc:2)
  3 oklob plants (Lair:4)
  12 ugly things
  2 cyclopes
  8 orc sorcerers
  5 manticores
  A moth of wrath (Spider:3)
  3 black mambas
  9 elephants
  2 orange demons (Lair:5)
  4 gargoyles
  11 rime drakes
  15 cane toads
  A smoke demon (Lair:5)
  3 torpor snails
  A yaktaur (D:13)
  A kobold demonologist (D:10)
  8 demonic crawlers
  4 freezing wraiths (D:15)
  8 komodo dragons
  2 unseen horrors
  An efreet (D:12)
  3 tengu conjurers (D:13)
  3 red devils (Lair:5)
  3 meliai (Spider:2)
  10 trolls
  3 hornets (Orc:1)
  5 polar bears
  20 tarantellas
  21 blink frogs
  19 jumping spiders
  20 culicivoras
  A shadow (D:12)
  3 wyverns
  3 vampires
  3 humans (Spider:2)
  A basilisk (shapeshifter) (D:13)
  A vampire mosquito (D:12)
  33 yaks
  6 basilisks
  2 hogs (Spider:2)
  3 steam dragons
  40 redbacks
  A warg (D:9)
  2 acid dragons
  16 water moccasins
  2 floating eyes (Orc:1)
  5 hell hounds (Lair:5)
  Pargi (D:3)
  A hornet zombie (D:7)
  A black bear (Lair:1)
  2 ice beasts
  29 orc warriors
  2 sky beasts
  16 ogres
  12 wolves
  12 centaurs
  A phantom (D:7)
  A gnoll sergeant (Orc:2)
  6 bullfrogs
  4 kobold brigands
  2 necrophages
  5 scorpions
  2 wyvern zombies (D:7)
  8 wights (D:8)
  6 killer bees (D:8)
  An electric eel (Lair:4)
  A howler monkey (D:11)
  A lava snake (D:7)
  A centaur zombie (D:7)
  2 hounds (D:7)
  26 orc priests
  A jelly (D:6)
  5 gnoll boudas
  Jessica (D:3)
  3 iguanas
  32 orc wizards
  9 hell rats
  3 killer bee zombies (D:7)
  Robin (D:4)
  21 gnolls
  6 river rats (Lair:1)
  5 adders
  A shadow imp (D:6)
  2 white imps (D:7)
  An ufetubus (D:6)
  2 worms
  A dart slug (D:4)
  91 orcs
  5 bats
  6 endoplasms
  A giant cockroach (D:2)
  8 hobgoblins
  5 jackals
  19 kobolds
  3 quokkas
  8 ball pythons
  A frilled lizard (D:3)
  13 goblins
  12 rats
867 creatures vanquished.

Vanquished Creatures (others)
  A cyclops (D:12)
  A jumping spider (Spider:3)
  A centaur simulacrum (D:12)
  A vampire mosquito (D:12)
  An orc priest (Orc:2)
  An orc wizard (D:12)
  An orc (D:10)
  19 fungi
  78 plants
104 creatures vanquished.

Grand Total: 971 creatures vanquished

Notes
Turn   | Place    | Note
-------+----------+-------------------------------------------
     0 | D:1      | HoaS the Kobold Hunter began the quest for the Orb.
     0 | D:1      | Reached XP level 1. HP: 12/12 MP: 1/1
   359 | D:1      | Reached XP level 2. HP: 17/17 MP: 2/2
   407 | D:1      | Reached skill level 6 in Ranged Weapons
   877 | D:1      | Reached XP level 3. HP: 6/21 MP: 3/3
  1264 | D:2      | Reached skill level 7 in Ranged Weapons
  1268 | D:2      | Reached XP level 4. HP: 26/26 MP: 4/4
  1540 | D:2      | You fall into a shaft and drop 2 floors!
  1589 | D:4      | Got the Vademecum on Gelid Bolts
  1633 | D:4      | Noticed Robin
  1669 | D:4      | Killed Robin
  1832 | D:4      | Noticed an ogre
  1840 | D:4      | Killed an ogre
  1841 | D:4      | Reached skill level 8 in Ranged Weapons
  1841 | D:4      | Reached XP level 5. HP: 4/30 MP: 5/5
  2127 | D:4      | Reached skill level 9 in Ranged Weapons
  2127 | D:4      | Reached XP level 6. HP: 33/35 MP: 6/6
  2218 | D:3      | Noticed Jessica
  2225 | D:3      | Killed Jessica
  2254 | D:3      | Noticed Pargi
  2529 | D:3      | Found a faded altar of an unknown god.
  2842 | D:3      | Killed Pargi
  2843 | D:3      | Reached skill level 10 in Ranged Weapons
  2843 | D:3      | Reached XP level 7. HP: 25/40 MP: 7/7
  3374 | D:5      | Entered Level 5 of the Dungeon
  3441 | D:5      | Reached skill level 11 in Ranged Weapons
  3565 | D:5      | Reached skill level 12 in Ranged Weapons
  3565 | D:5      | Reached XP level 8. HP: 44/44 MP: 8/8
  3919 | D:6      | Reached skill level 13 in Ranged Weapons
  4200 | D:6      | Reached skill level 14 in Ranged Weapons
  4284 | D:6      | Reached XP level 9. HP: 48/48 MP: 9/9
  4785 | D:7      | Reached skill level 15 in Ranged Weapons
  4905 | D:7      | Found a basalt altar of Yredelemnul.
  5247 | D:7      | Reached skill level 16 in Ranged Weapons
  5261 | D:7      | Found an opulent altar of Gozag.
  5452 | D:7      | Identified the +10 trident "Cuysok" {drain, Stlth+}
  5682 | D:7      | Found a staircase to the Ecumenical Temple.
  5706 | Temple   | Entered the Ecumenical Temple
  5731 | Temple   | Became a worshipper of Warmaster Okawaru
  5949 | D:8      | Reached skill level 5 in Dodging
  5949 | D:8      | Reached XP level 10. HP: 58/58 MP: 10/10
  6039 | D:8      | Reached skill level 1 in Invocations
  6136 | D:8      | Reached skill level 5 in Fighting
  6414 | D:8      | Found a transporter.
  6418 | D:8      | Reached * piety under Okawaru
  6546 | D:8      | Noticed a two-headed ogre
  6557 | D:8      | Killed a two-headed ogre
  6557 | D:8      | Reached ** piety under Okawaru
  6921 | D:8      | Found a transporter.
  6925 | D:8      | Noticed GrimJard's ghost (novice DrCj)
  7208 | D:9      | Found a flagged portal.
  7227 | Bailey   | Entered a bailey
  7461 | Bailey   | Noticed an orc knight
  7493 | Bailey   | Killed an orc knight
  7493 | Bailey   | Reached *** piety under Okawaru
  7494 | Bailey   | Reached XP level 11. HP: 43/68 MP: 11/14
  7599 | Bailey   | Noticed a deep elf pyromancer
  7600 | Bailey   | Found a large runed translucent door.
  7827 | Bailey   | Found a large runed translucent door.
  7931 | Bailey   | Killed a deep elf pyromancer
  7936 | Bailey   | Identified the +8 lajatang of Dried Tears {pain, Int+2}
  8029 | D:9      | Identified the +1 leather armour of Faen {Fly Str+2 Stlth+}
  8130 | D:9      | Found a staircase to the Orcish Mines.
  8224 | D:9      | Found a glowing silver altar of Zin.
  8227 | D:9      | Found an ancient bone altar of Kikubaaqudgha.
  8232 | D:9      | Found a burning altar of Makhleb.
  8398 | D:9      | Reached **** piety under Okawaru
  8653 | D:9      | Reached skill level 17 in Ranged Weapons
  9010 | D:10     | Entered Level 10 of the Dungeon
  9037 | D:10     | Noticed a death yak
  9045 | D:10     | Killed a death yak
  9045 | D:10     | Noticed a death yak
  9047 | D:10     | Noticed a death yak
  9047 | D:10     | Noticed a death yak
  9048 | D:10     | Noticed a death yak
  9052 | D:10     | Noticed a death yak
  9060 | D:10     | Killed a death yak
  9060 | D:10     | Noticed a death yak
  9070 | D:10     | Killed a death yak
  9071 | D:10     | Reached skill level 18 in Ranged Weapons
  9075 | D:10     | Killed a death yak
  9076 | D:10     | Reached skill level 5 in Invocations
  9079 | D:10     | Killed a death yak
  9080 | D:10     | Reached XP level 12. HP: 47/76 MP: 9/15
  9082 | D:10     | Killed a death yak
  9082 | D:10     | Reached ***** piety under Okawaru
  9083 | D:10     | Reached skill level 10 in Dodging
  9094 | D:10     | Killed a death yak
  9278 | D:10     | Found a staircase to the Lair.
  9498 | D:10     | Reached skill level 10 in Fighting
  9506 | D:10     | Identified the +1 mace of Maetrem {vamp, rC- rN+ Int+5
                  | Dex+4} (Okawaru gifted it to you on level 10 of the
                  | Dungeon)
  9506 | D:10     | Received a gift from Okawaru
 10069 | D:10     | Identified a scroll of acquirement
 10069 | D:10     | Acquired a manual of Fighting
 10116 | Lair:1   | Entered Level 1 of the Lair of Beasts
 10118 | Lair:1   | Found a stormy altar of Qazlal.
 10680 | Lair:1   | Reached XP level 13. HP: 84/84 MP: 18/18
 10887 | Lair:2   | Reached ****** piety under Okawaru
 10904 | Lair:2   | Found a hole to the Spider Nest.
 11200 | Lair:2   | Found a staircase to the Swamp.
 11311 | Lair:2   | Identified the +3 chain mail of Okawaru, Transmuting {Str+4
                  | Int+10} (Okawaru gifted it to you on level 2 of the Lair of
                  | Beasts)
 11311 | Lair:2   | Received a gift from Okawaru
 11400 | Lair:2   | Noticed a six-headed hydra
 11413 | Lair:2   | Killed a six-headed hydra
 12220 | Lair:3   | Identified the +4 hand axe of Hell's Wrath {vorpal, Str+3}
 13008 | Lair:4   | Identified the +2 helmet of the Harp {Will+ Stlth+}
 13232 | Lair:4   | Noticed Sonja
 13240 | Lair:4   | Killed Sonja
 13904 | Lair:4   | Found a staircase to the Slime Pits.
 13946 | Lair:5   | Entered Level 5 of the Lair of Beasts
 13962 | Lair:5   | Noticed a seven-headed hydra
 14029 | Lair:4   | Killed a seven-headed hydra
 14058 | Lair:4   | Reached XP level 14. HP: 95/95 MP: 20/20
 14078 | Lair:5   | Reached skill level 15 in Dodging
 14127 | Lair:5   | Reached skill level 19 in Ranged Weapons
 14127 | Lair:5   | Reached XP level 15. HP: 100/100 MP: 22/22
 14160 | Lair:5   | Received a gift from Okawaru
 14428 | Lair:5   | Noticed Urug
 14438 | Lair:5   | Killed Urug
 14535 | Lair:5   | Reached skill level 15 in Fighting
 14896 | Lair:5   | Reached skill level 20 in Ranged Weapons
 15098 | Lair:5   | Received a gift from Okawaru
 15156 | Lair:5   | Found a burning altar of Makhleb.
 15162 | Lair:5   | Found a gateway to Hell.
 15427 | Orc:1    | Entered Level 1 of the Orcish Mines
 15861 | Orc:1    | Paralysed by a floating eye for 2 turns
 15865 | Orc:1    | Paralysed by a floating eye for 4 turns
 15875 | Orc:1    | Paralysed by a floating eye for 4 turns
 17556 | D:12     | Identified the +1 leather armour "Zystump" {Dex+4}
 17767 | D:11     | Reached XP level 16. HP: 108/112 MP: 23/23
 18741 | D:12     | Reached skill level 21 in Ranged Weapons
 19339 | Orc:1    | Received a gift from Okawaru
 19379 | Orc:2    | Entered Level 2 of the Orcish Mines
 19379 | Orc:2    | Found Xuwouh Joiph's Armour Boutique.
 19399 | Orc:2    | Found Tonk's Assorted Antiques.
 19531 | Orc:2    | Found Kiyzaol's Assorted Antiques.
 19532 | Orc:2    | Found Asotekla's Distillery.
 19534 | Orc:2    | Found Qen Ohac's General Store.
 19534 | Orc:2    | Found Mifeyll's Antique Weapon Shop.
 19540 | Orc:2    | Bought a potion of heal wounds for 80 gold pieces
 19540 | Orc:2    | Bought a potion of heal wounds for 80 gold pieces
 19716 | Orc:2    | Found a staircase to the Elven Halls.
 19758 | Orc:2    | Found Zimin's Distillery.
 19777 | Orc:2    | Found Atory's Armour Shop.
 19844 | Orc:2    | Found Zaqir's Book Shoppe.
 20235 | D:8      | Killed GrimJard's ghost
 20403 | D:13     | Identified the +1 pair of boots "Zulef" {rC+ Int+2 Dex+2}
                  | (Okawaru gifted it to you on level 13 of the Dungeon)
 20403 | D:13     | Received a gift from Okawaru
 21062 | D:13     | Identified the +1 buckler of the Lost Path {Slay+3}
 21318 | D:13     | Reached skill level 22 in Ranged Weapons
 21370 | D:13     | Found a gate to the Vaults.
 21378 | D:13     | Reached XP level 17. HP: 116/120 MP: 24/24
 21643 | D:14     | Found Emanenuf's Demolitions Depot.
 22128 | D:14     | Found Oxkaxt's Distillery.
 22250 | D:15     | Entered Level 15 of the Dungeon
 22259 | D:15     | Received a gift from Okawaru
 22577 | D:15     | Identified the +1 leather armour of Zin's Approval {rN+}
 22879 | D:15     | Found a staircase to the Depths.
 23463 | Spider:1 | Entered Level 1 of the Spider Nest
 23529 | Lair:2   | HP: 5/122 [poisoned by a redback]
 23742 | Spider:1 | Identified the +1 triple crossbow of Pylim {speed, rElec}
                  | (Okawaru gifted it to you on level 1 of the Spider Nest)
 23742 | Spider:1 | Received a gift from Okawaru
 23800 | Spider:1 | Reached skill level 23 in Ranged Weapons
 23965 | Spider:1 | Identified the +10 spear "Leid" {chaos, rF+ Will+ Int-5}
 24078 | Spider:1 | Identified Roxanne's Vellum of the Figure
 24078 | Spider:1 | Noticed Roxanne
 24084 | Spider:1 | Killed Roxanne
 24293 | Spider:2 | Reached skill level 24 in Ranged Weapons
 24381 | Spider:2 | Noticed Kirke
 24384 | Spider:2 | Killed Kirke
 24384 | Spider:2 | Identified the +2 chain mail of Masochism {Rampage rC+}
                  | (Okawaru gifted it to you on level 2 of the Spider Nest)
 24384 | Spider:2 | Received a gift from Okawaru
 24385 | Spider:2 | Reached XP level 18. HP: 128/128 MP: 5/25
 24471 | Spider:2 | Noticed Arachne
 24480 | Spider:2 | Killed Arachne
 24688 | Spider:2 | Reached skill level 25 in Ranged Weapons
 25028 | Spider:2 | Noticed Nikola
 25041 | Spider:2 | Killed Nikola
 25601 | Spider:3 | Reached skill level 26 in Ranged Weapons
 25749 | Spider:3 | Identified the +3 ring mail "Xeji" {Str+3} (Okawaru gifted
                  | it to you on level 3 of the Spider Nest)
 25749 | Spider:3 | Received a gift from Okawaru
 25810 | Spider:3 | Slain by an emperor scorpion

Illustrated notes

Levels and vault maps discovered:
D:1:      roderic_crop_circles_arrival_small, layout_loops_ring,
          minmay_distorted
D:2:      layout_rooms
D:3:      layout_rooms, nicolae_ecumenical_snake_handling, minmay_crystal_room,
          uniq_pargi, uniq_jessica
D:4:      layout_loops_ring, uniq_robin
D:5:      layout_rooms
D:6:      layout_rooms, corexii_mini_fake_secret_closet,
          minmay_misc_feat_nine_boxes
D:7:      layout_loops_ring, nicolae_yredelemnul_corpse_copse,
          nicolae_gozag_seed_capital, minmay_temple_entry_enclosed_plants,
          kennysheep_donut
D:8:      layout_gridville, gammafunk_ghost_smash, kennysheep_generic_room_8
D:9:      layout_basic, grunt_temple_overflow_diamond, erik_orc_3,
          serial_rivers, chequers_serial_rivers_room_a,
          chequers_serial_rivers_large_a, chequers_serial_rivers_micro_a,
          chequers_serial_rivers_small_b, chequers_serial_rivers_marsh,
          enter_bailey_4
D:10:     layout_loops_cross, dpeg_lair_monsters
D:11:     layout_layer_cave, minmay_misc_feat_x
D:12:     minmay_connected_boxes_in_corner, layout_long_grid,
          nzn_sisyphean_effort
D:13:     kennysheep_seaside_town, layout_basic, grunt_vaults_entry_fortified
D:14:     layout_loops_ring, serial_shops, nicolae_take_the_stairs,
          minmay_misc_feat_room, nicolae_blasting_shop
D:15:     grunt_enter_depths_snipers, layout_long_grid, hangedman_glass_teeth
Temple:   sentei_temple_godly_chess
Lair:1:   layout_concentric_octagons, basic_altar, st_stairs_11,
          kennysheep_abandoned_house, serial_bayou_shore_a,
          infiniplex_staircase_pool, lemuel_fruit_tree
Lair:2:   layout_regular_city, swamp_mist, spider_nest_entry_a,
          grunt_megastairs_5
Lair:3:   layout_hall_layers, grunt_megastairs_2
Lair:4:   layout_gridlike, minmay_slime_entry_oklob_enclosed,
          infiniplex_staircase_pool_2, uniq_sonja
Lair:5:   evil_forest, layout_cave_shapes, uniq_urug
Spider:1: layout_spider_delve, uniq_roxanne
Spider:2: layout_spider_delve, uniq_arachne, uniq_nikola, uniq_kirke
Spider:3: layout_spider_delve
Orc:1:    hellmonk_paralyzer, layout_caves
Orc:2:    st_orc_mages, layout_caves, serial_shops, nicolae_shop_crystal,
          shop_coins, shop, shop, shop, elves_outpost_lemuel

Skill      XL: |  1  2  3  4  5  6  7  8  9 10 11 12 13 14 15 16 17 18 |
---------------+-------------------------------------------------------+-----
Ranged Weapons | 6 7 8 9 10 12 14 16 18 19 20 22 24 26 | 26.0
Fighting       | 4 7 9 11 13 17 18 19 | 19.5
Dodging        | 5 8 9 12 14 15 16 18 19 | 19.3
Invocations    | 4 5 7 9 |  9.5
Stealth        | |  1.3

Action                   |  1- 3 |  4- 6 |  7- 9 | 10-12 | 13-15 | 16-18 || total
-------------------------+-------+-------+-------+-------+-------+-------++-------
Melee: Triple crossbow   |       |       |       |       |       |     2 ||     2
 Fire: Shortbow          |    81 |   139 |   286 |   308 |       |       ||   814
       Arbalest          |       |       |       |   326 |   657 |   706 ||  1689
       Triple crossbow   |       |       |       |       |       |   414 ||   414
Invok: Heroism           |       |       |       |     4 |     1 |     5 ||    10
       Finesse           |       |       |       |     1 |     1 |     5 ||     7
  Use: Scroll            |     2 |     9 |     8 |     4 |    14 |     4 ||    41
       Potion            |       |     1 |     1 |     2 |     2 |     5 ||    11
Armor: Leather armour    |    15 |    11 |    25 |       |       |       ||    51
       Steam dragon scal |       |       |       |    77 |   175 |   139 ||   391
Dodge: Dodged            |    44 |    55 |   105 |   277 |   744 |  1125 ||  2350
Block: Other             |       |       |    17 |    68 |    25 |       ||   110
       Reflection        |       |       |       |     5 |       |       ||     5

Table legend: (Time is in decaauts)
 A = Elapsed time spent in this place.
 B = Non-inter-level travel time spent in this place.
 C = Inter-level travel time spent in this place.
 D = Time resting spent in this place.
 E = Time spent auto-exploring this place.
 F = Levels seen in this place.
 G = Mean time per level.
                   A        B        C        D        E       F      G
               +--------+--------+--------+--------+--------+-----+--------+
         Total |  25602 |  24255 |   1347 |   3160 |  16611 |  27 |  948.2 |
       Dungeon |  15877 |  14807 |   1070 |   1954 |  10327 |  15 | 1058.5 |
        Temple |     30 |     25 |      5 |      0 |     10 |   1 |   30.0 |
          Lair |   5575 |   5408 |    167 |    631 |   3814 |   5 | 1115.0 |
   Spider Nest |   1969 |   1947 |     22 |    181 |   1267 |   3 |  656.3 |
  Orcish Mines |   1409 |   1327 |     82 |     24 |    994 |   2 |  704.5 |
        Bailey |    739 |    739 |      0 |    370 |    198 |   1 |  739.0 |
               +--------+--------+--------+--------+--------+-----+--------+

Top non-repeatable levels by time:
    D:11: 1910 daAuts
     D:9: 1402 daAuts
     D:8: 1297 daAuts
  Lair:4: 1293 daAuts
     D:1: 1240 daAuts
    D:12: 1215 daAuts
    D:13: 1213 daAuts
  Lair:2: 1208 daAuts
    D:10: 1202 daAuts
  Lair:5: 1135 daAuts
  Lair:3: 1132 daAuts
    D:15: 1089 daAuts
     D:7: 1066 daAuts
     D:4: 1058 daAuts
Spider:2: 911 daAuts
